 Dungeon Crawl Stone Soup version 0.31-a0-1511-g961fd35ebc (webtiles) character file.

Game seed: 2315954195123167830

35478 Amplified the Warmonger (level 13, 0/109 HPs)
             Began as a Demonspawn Monk on Dec 30, 2023.
             Was a High Priest of Okawaru.
             Killed from afar by Jorgrun (56 damage)
             ... with an iron shot
             ... on level 11 of the Dungeon.
             The game lasted 00:17:01 (12617 turns).

Amplified the Warmonger (Demonspawn Monk)          Turns: 12617, Time: 00:17:02

Health: 0/109      AC: 16    Str: 16    XL:     13   Next: 47%
Magic:  15/23      EV: 12    Int: 10    God:    Okawaru [*****.]
Gold:   1158       SH: 20    Dex: 17    Spells: 12/12 levels left

rFire   + . .        W - +2 broad axe (venom)
rCold   + . .        q - +2 kite shield
rNeg    . . .        u - +0 scale mail of Mutualism {rC+ Regen+ Slay+3}
rPois   .            (helmet restricted)
rElec   .            h - +0 cloak
rCorr   .            U - +0 pair of gloves
SInv    +            w - +1 pair of boots
Will    .....        (no amulet)
Stlth   ++           f - ring of protection from fire
HPRegen 1.18/turn    D - ring of see invisible
MPRegen 0.18/turn

%: no passive effects
@: mighty, heroic, finesse-ful, grasped by roots, constricted
A: horns 1, repulsion field 2, icemail 1, condensation shield, demonic magic 2
a: Renounce Religion, Heroism, Finesse, Duel


You were on level 11 of the Dungeon.
You worshipped Okawaru.
Okawaru was extremely pleased with you.
You visited 4 branches of the dungeon, and saw 19 of its levels.
You also visited: Ossuary.

You collected 1158 gold pieces.

Inventory:

Hand Weapons
 M - a +6 vampiric hand axe
 W - a +2 broad axe of venom (weapon)
Missiles
 n - 15 curare-tipped darts
Armour
 d - an orb of light
 h - a +0 cloak (worn)
 q - a +2 kite shield (worn)
 u - the +0 scale mail of Mutualism (worn) {rC+ Regen+ Slay+3}
   (You found it on level 4 of the Dungeon)

   Slay+3:    It affects your accuracy & damage with ranged weapons and melee
   (+3).
   rC+:       It protects you from cold.
   Regen+:    It increases your rate of health regeneration.
 w - a +1 pair of boots (worn)
 U - a +0 pair of gloves (worn)
 X - the +0 ring mail "Raekeygi" {rElec Int+4}
   (Okawaru gifted it to you on level 2 of the Lair of Beasts)

   Int+4:     It affects your intelligence (+4).
   rElec:     It insulates you from electricity.
Jewellery
 f - a ring of protection from fire (left hand)
 B - a ring of protection from cold
 D - a ring of see invisible (right hand)
 G - a ring of flight
 J - a ring of fire
 K - an amulet of guardian spirit
 N - a ring of willpower
 R - a ring of ice
 S - an amulet of regeneration
Talismans
 i - a beast talisman
Wands
 k - a wand of flame (85)
 o - a wand of iceblast (8)
 r - a wand of digging (9)
 P - a wand of quicksilver (4)
Scrolls
 b - 5 scrolls of fog
 j - a scroll of fear
 p - a scroll of vulnerability
 t - a scroll of immolation
 y - 3 scrolls of poison
 z - 6 scrolls of teleportation
 I - a scroll of silence
 O - 2 scrolls of revelation
 Q - 2 scrolls of amnesia
 T - 4 scrolls of identify
 V - 4 scrolls of enchant armour
Potions
 c - 2 potions of ambrosia
 e - 6 potions of curing
 g - 4 potions of magic
 l - 10 potions of degeneration
 m - 3 potions of attraction
 s - a potion of lignification
 v - 2 potions of mutation
 x - a potion of enlightenment
 A - 3 potions of haste
 C - 2 potions of resistance
 E - 2 potions of brilliance
 F - a potion of might
 L - 3 potions of heal wounds
Miscellaneous
 a - a box of beasts


   Skills:
 * Level 12.6(17.6) Fighting
 * Level 11.7(16.7) Axes
 - Level 2.6(7.6) Dodging
 * Level 10.6(15.6) Shields
 * Level 14.2 Invocations


You had 12 spell levels left.
You didn't know any spells.
Your spell library contained the following spells:

 Spells                   Type           Power      Damage    Failure   Level
 Necrotise                Necr           0%         1d4       91%         1
 Ensorcelled Hibernation  Hex/Ice        0%         N/A       97%         2
 Sublimation of Blood     Necr           0%         N/A       97%         2
 Passwall                 Erth           0%         N/A       99%         3
 Swiftness                Air            0%         N/A       99%         3
 Vampiric Draining        Necr           0%         2d6       99%         3
 Brom's Barrelling Bould  Conj/Erth      0%         2d3       100%        4
 Curse of Agony           Necr           0%         N/A       100%        5
 Fireball                 Conj/Fire      0%         3d3       100%        5
 Iskenderun's Battlesphe  Conj           0%         2d6       100%        5
 Conjure Ball Lightning   Conj/Air       0%         3x3d6     100%        6
 Orb of Destruction       Conj           0%         9d5       100%        7
 Chain Lightning          Conj/Air       0%         N/A       100%        9
 Fire Storm               Conj/Fire      0%         5d1       100%        9
 Shatter                  Erth           0%         3d5*      100%        9
 Call Imp                 Summ           Unusable   N/A       N/A         2
 Martyr's Knell           Necr/Summ      Unusable   N/A       N/A         4
 Summon Hydra             Summ           Unusable   N/A       N/A         7

Dungeon Overview and Level Annotations

Branches:
Dungeon (12/15)            Temple (1/1) D:5            Lair (5/5) D:10
  Swamp (0/4) Lair:3        Snake (0/4) Lair:2          Orc (1/2) D:11
Ossuary (visited)
  Slime: Lair:4-5

Altars:
Ashenzari
Cheibriados
Dithmenos
Fedhas
Gozag
Hepliaklqana
Kikubaaqudgha
Makhleb
Nemelex Xobeh
Okawaru
Qazlal
Ru
Sif Muna
Trog
Uskayaw
Vehumet
Wu Jian
Xom
Yredelemnul

Annotations:
D:8 2 runed translucent doors, TheWayOfAllFlesh's ghost, novice DrSh
D:9 1 runed translucent door, jazmu's ghost, novice DgEE
D:11 Jorgrun
Lair:4 Rupert


Innate Abilities, Weirdness & Mutations

You have a pair of small horns on your head.
You are surrounded by a moderate repulsion field. (EV +3)
A meltable icy envelope protects you from harm. (AC +4)
A meltable shield of frost defends you. (SH +4)
Spells you cast may paralyse nearby enemies.


Message History

You slash Jorgrun!
Jorgrun looks as sick as possible!
Your headbutt misses Jorgrun.
Jorgrun is lightly wounded.
You closely miss the orc priest. You block the orc priest's attack.
Unknown command.
You miss Jorgrun. Your headbutt misses Jorgrun.
Jorgrun is lightly wounded.
You closely miss the orc priest.
Jorgrun hits you with a +0 heavy quarterstaff!
Unknown command.
You slash Jorgrun!
Jorgrun looks as sick as possible!
You headbutt Jorgrun!
Jorgrun is moderately wounded.
You slash the orc priest!
You kill the orc priest!
Okawaru accepts your kill.
Unknown command.
You slash Jorgrun!
Jorgrun looks as sick as possible!
Your headbutt misses Jorgrun.
Jorgrun is moderately wounded.
Unknown command.
You slice Jorgrun!!
Jorgrun looks as sick as possible!
Jorgrun is heavily wounded.
Unknown command.
You barely miss Jorgrun.
Jorgrun is heavily wounded.
Jorgrun gestures at you while chanting.
Roots burst forth from the earth!
The grasping roots grab you! The grasping roots constrict you!
Unknown command.
You closely miss Jorgrun. Your headbutt misses Jorgrun.
Jorgrun is heavily wounded.
Unknown command.
You slash Jorgrun!
Jorgrun looks as sick as possible!
Jorgrun is heavily wounded.
Jorgrun says, "'tis place shall be yer tomb!"
Jorgrun casts a spell at you. The iron shot hits you!!!
Ouch! That really hurt!
You die...

########### ##########
#.........# #........#
#.........# #........#
#.........#### #........#
#.........##<# #........#
#............## ##........#
####....#...... ...#+###### ####
#......#.#.# >..#.# #g@#
#.##.#.#.... .....# #)##
##'#....#####
.....##########.#####[.....######
†###..........[....['......'.....
.# #.################......######
.# #.# ###### ######## .#
#.###....####### .#
#...'....'.....# .#
#####....###...#


You could see Jorgrun (extremely poisoned).

Vanquished Creatures
  Fannar (D:11)
  A boulder beetle (Lair:1)
  A two-headed ogre (D:11)
  A death yak (Lair:4)
  An orc high priest (D:11)
  A lindwurm (Lair:2)
  A manticore (D:11)
  An elephant (D:10)
  3 black mambas
  11 cane toads
  A torpor snail (Lair:4)
  2 rime drakes (Lair:3)
  2 unseen horrors (D:10)
  7 komodo dragons
  2 tyrant leeches (Lair:3)
  8 trolls
  Prince Ribbit (D:6)
  A polar bear (Lair:4)
  4 dream sheep (Lair:2)
  26 blink frogs
  4 shadows
  27 yaks
  3 wyverns
  4 vampire mosquitoes (D:11)
  A warg (Orc:1)
  A basilisk (Lair:3)
  A steam dragon (D:8)
  Menkaure (D:5)
  Edmund (D:5)
  3 swamp worms (Lair:3)
  A naga (Lair:2)
  2 acid dragons
  14 water moccasins
  An ice beast (D:6)
  A sky beast (D:7)
  12 orc warriors
  6 ogres
  12 centaurs
  A phantom (D:5)
  4 kobold brigands
  Blork the orc (D:5)
  11 bullfrogs
  An elf zombie (Ossuary)
  A gnoll sergeant (D:10)
  3 scorpions
  9 wights (D:7)
  2 burial acolytes (Ossuary)
  36 killer bees
  8 howler monkeys
  7 hounds
  5 orc priests
  Crazy Yiuf (D:5)
  A sleepcap (D:8)
  A gnoll bouda (D:7)
  Ijyb (D:3)
  3 hell rats (Lair:1)
  4 iguanas
  9 orc wizards
  5 mummies
  14 gnolls
  6 adders
  6 river rats (Lair:1)
  A shadow imp (D:6)
  2 dart slugs
  52 orcs
  6 endoplasms
  4 giant cockroaches
  A gnoll zombie (Ossuary)
  9 hobgoblins
  2 jackals (D:4)
  2 quokkas
  4 ball pythons
  9 bats
  2 frilled lizards
  13 goblins
  20 kobolds
  2 kobold zombies (Ossuary)
  4 orc zombies (Ossuary)
  15 rats
459 creatures vanquished.

Vanquished Creatures (others)
  A sky beast (D:7)
1 creature vanquished.

Grand Total: 460 creatures vanquished

Notes
Turn   | Place    | Note
-------+----------+-------------------------------------------
     0 | D:1      | Amplified the Demonspawn Monk began the quest for the Orb.
     0 | D:1      | Reached XP level 1. HP: 18/18 MP: 1/1
   234 | D:1      | Gained mutation: A meltable shield of frost defends you.
                  | (SH +4) [demonic ancestry]
   234 | D:1      | Reached XP level 2. HP: 24/24 MP: 2/2
   629 | D:2      | Reached XP level 3. HP: 30/30 MP: 3/3
   871 | D:2      | Found a faded altar of an unknown god.
   981 | D:2      | Gained mutation: A meltable icy envelope protects you from
                  | harm. (AC +4) [demonic ancestry]
   981 | D:2      | Reached XP level 4. HP: 26/37 MP: 4/4
  1626 | D:3      | Noticed Ijyb
  1647 | D:3      | Killed Ijyb
  1651 | D:3      | Gained mutation: You have a pair of small horns on your
                  | head. [demonic ancestry]
  1651 | D:3      | Reached XP level 5. HP: 14/43 MP: 5/5
  2128 | D:4      | Reached skill level 5 in Fighting
  2183 | D:4      | Reached XP level 6. HP: 40/51 MP: 6/6
  2314 | D:4      | Reached skill level 1 in Shields
  2423 | D:4      | Reached skill level 5 in Axes
  2791 | D:4      | Identified the +0 scale mail of Mutualism {rC+ Regen+
                  | Slay+3}
  3195 | D:5      | Entered Level 5 of the Dungeon
  3281 | D:5      | Gained mutation: Spells you cast may paralyse adjacent
                  | enemies. [demonic ancestry]
  3281 | D:5      | Reached XP level 7. HP: 57/57 MP: 7/7
  3585 | D:5      | Found a staircase to the Ecumenical Temple.
  3617 | Temple   | Entered the Ecumenical Temple
  3623 | Temple   | Became a worshipper of Warmaster Okawaru
  3623 | Temple   | Reached * piety under Okawaru
  3623 | Temple   | Reached ** piety under Okawaru
  3651 | D:5      | Noticed Menkaure
  3654 | D:5      | Noticed Edmund
  3663 | D:5      | Killed Menkaure
  3664 | D:5      | Reached skill level 1 in Invocations
  3670 | D:5      | Killed Edmund
  3671 | D:5      | Reached skill level 2 in Invocations
  3907 | D:5      | Noticed Blork the orc
  3916 | D:5      | Killed Blork the orc
  3917 | D:5      | Reached XP level 8. HP: 65/65 MP: 9/9
  3972 | D:5      | Found a runed translucent door.
  3973 | D:5      | Noticed Crazy Yiuf
  4127 | D:5      | Killed Crazy Yiuf
  4247 | D:6      | Reached skill level 3 in Invocations
  4307 | D:6      | Found a sand-covered staircase.
  4318 | Ossuary  | Entered an ossuary
  4641 | D:6      | Noticed Prince Ribbit
  4647 | D:6      | Killed Prince Ribbit
  4648 | D:6      | Reached skill level 4 in Invocations
  4891 | D:6      | Reached *** piety under Okawaru
  5039 | D:7      | Reached skill level 5 in Invocations
  5140 | D:7      | Reached XP level 9. HP: 65/72 MP: 12/12
  5249 | D:7      | Reached skill level 5 in Shields
  5269 | D:7      | Reached skill level 6 in Invocations
  5408 | D:7      | Reached **** piety under Okawaru
  5810 | D:7      | Found a hazy altar of Hepliaklqana.
  5864 | D:8      | Found a large runed translucent door.
  5984 | D:8      | Found a large runed translucent door.
  5985 | D:8      | Noticed TheWayOfAllFlesh's ghost (novice DrSh)
  6160 | D:8      | Reached skill level 7 in Invocations
  6570 | D:9      | Found a runed translucent door.
  6573 | D:9      | Noticed jazmu's ghost (novice DgEE)
  6573 | D:9      | Noticed an efreet
  6794 | D:9      | Reached XP level 10. HP: 82/82 MP: 13/15
  7180 | D:9      | Reached skill level 8 in Invocations
  7358 | D:10     | Entered Level 10 of the Dungeon
  7516 | D:10     | Found a staircase to the Lair.
  7654 | D:10     | Reached skill level 9 in Invocations
  7736 | D:10     | Reached ***** piety under Okawaru
  7961 | D:10     | Found a blossoming altar of Fedhas.
  7966 | D:10     | Noticed an elephant
  8023 | D:10     | Gained mutation: You are surrounded by a mild repulsion
                  | field. (EV +2) [demonic ancestry]
  8023 | D:10     | Reached XP level 11. HP: 80/90 MP: 18/18
  8122 | D:10     | Found an ornate altar of the Wu Jian Council.
  8214 | D:10     | Reached skill level 10 in Invocations
  8219 | D:10     | Reached skill level 10 in Fighting
  8355 | D:11     | Received a gift from Okawaru
  8508 | D:11     | Found a staircase to the Orcish Mines.
  8554 | D:11     | Noticed a two-headed ogre
  8564 | D:11     | Killed a two-headed ogre
  8823 | D:11     | Noticed Fannar
  8850 | D:11     | Killed Fannar
  8851 | D:11     | Reached skill level 11 in Invocations
  8859 | D:11     | Found a shadowy altar of Dithmenos.
  9097 | D:12     | Noticed a tengu warrior
  9097 | D:12     | Noticed a tengu warrior
  9098 | D:12     | Noticed a deep elf pyromancer
  9145 | Orc:1    | Entered Level 1 of the Orcish Mines
  9146 | Orc:1    | Noticed an orc high priest
  9148 | Orc:1    | Noticed Jorgrun
  9164 | D:11     | Killed an orc high priest
  9238 | D:11     | Received a gift from Okawaru
  9252 | D:11     | Reached skill level 10 in Axes
  9321 | Lair:1   | Entered Level 1 of the Lair of Beasts
  9431 | Lair:1   | Gained mutation: Spells you cast may paralyse nearby
                  | enemies. [demonic ancestry]
  9431 | Lair:1   | Reached XP level 12. HP: 99/99 MP: 20/20
  9609 | Lair:1   | Noticed a boulder beetle
  9662 | Lair:1   | Killed a boulder beetle
  9663 | Lair:1   | Reached skill level 12 in Invocations
 10444 | Lair:2   | Received a gift from Okawaru
 10572 | Lair:2   | Found a staircase to the Snake Pit.
 10632 | Lair:2   | Reached skill level 13 in Invocations
 10637 | Lair:2   | Received a gift from Okawaru
 10680 | Lair:2   | Reached skill level 10 in Shields
 10724 | Lair:2   | Gained mutation: You are surrounded by a moderate repulsion
                  | field. (EV +3) [demonic ancestry]
 10724 | Lair:2   | Reached XP level 13. HP: 96/108 MP: 21/23
 10784 | Lair:2   | Reached ****** piety under Okawaru
 10979 | Lair:2   | Acquired a +2 broad axe of venom
 10979 | Lair:2   | Received a gift from Okawaru
 10987 | Lair:2   | Acquired the +0 ring mail "Raekeygi" {rElec Int+4}
 10987 | Lair:2   | Received a gift from Okawaru
 11093 | Lair:3   | Found a staircase to the Swamp.
 11827 | Lair:3   | Received a gift from Okawaru
 11927 | Lair:4   | Noticed Rupert
 12066 | Lair:4   | Reached skill level 14 in Invocations
 12338 | Lair:5   | Entered Level 5 of the Lair of Beasts
 12617 | D:11     | Killed from afar by Jorgrun

Illustrated notes

Levels and vault maps discovered:
D:1:      roderic_dead_forest, layout_basic, grunt_decor_clamped
D:2:      layout_basic, shapermc_ecumenical_altar_mp_highgroup,
          minmay_pentomino_pile
D:3:      layout_loops_ring, uniq_ijyb
D:4:      layout_layer_cave, serial_bayou_lagoon_b
D:5:      layout_loops_corners, minmay_temple_entry_hall, kennysheep_crisscross,
          chequers_serial_rivers_room_a, uniq_edmund, uniq_crazy_yiuf_cottage,
          uniq_blork_the_orc, uniq_menkaure
D:6:      layout_gridville, gup_ossuary_entry_pyramid, uniq_prince_ribbit1
D:7:      layout_loops_ring, worldfamousw_hep_ancestral_shrine,
          nicolae_zen_rock_garden
D:8:      layout_cave_pools, ebering_ghost_disaster_area, blue_anna_alchemist,
          reono_crystal_passage
D:9:      layout_loops_ring, ebering_ghost_inner_flame, special_room
          [special_room_orc]
D:10:     wad_woods_minihive, layout_long_grid,
          chequers_temple_overflow_statue_of_worship, lair_entry_dummy,
          kennysheep_generic_room_16
D:11:     layout_basic, orc_0_dummy, nicolae_dithmenos_shadow_blocks,
          uniq_fannar
D:12:     layout_rooms
Temple:   nicolae_temple_bog_church
Lair:1:   layout_loops_ring, kennysheep_abandoned_house, grunt_megastairs_5
Lair:2:   layout_cave_shapes, guppyfry_snake_entry_island
Lair:3:   layout_misc_corridors, minmay_swamp_entry_worms
Lair:4:   layout_gridlike, serial_bayou_lagoon_a, serial_bayou_shore_b,
          uniq_rupert
Lair:5:   wormcave, layout_misc_corridors, nicolae_slime_entry_field_trip
Orc:1:    layout_diamond_mine, basic_altar, lightli_orcish_oven, uniq_jorgrun,
          uniq_erolcha

Skill      XL: |  1  2  3  4  5  6  7  8  9 10 11 12 13 |
---------------+----------------------------------------+-----
Axes           | 3 4 5 6 7 8 10 11 | 11.7
Fighting       | 4 5 6 7 8 9 10 12 | 12.6
Shields        | 2 3 4 6 7 8 10 | 10.6
Invocations    | 2 5 7 9 11 13 14 | 14.2
Dodging        | |  2.6

Action                     |  1- 3 |  4- 6 |  7- 9 | 10-12 | 13-15 || total
---------------------------+-------+-------+-------+-------+-------++-------
  Melee: Hand axe          |   102 |   167 |   355 |   864 |     5 ||  1493
         Headbutt          |       |    27 |    85 |   198 |    43 ||   353
         Broad axe         |       |       |       |       |   188 ||   188
 Invoke: Heroism           |       |       |     6 |    18 |     4 ||    28
         Finesse           |       |       |       |     1 |     2 ||     3
         Receive Weapon    |       |       |       |       |     1 ||     1
         Receive Armour    |       |       |       |       |     1 ||     1
  Evoke: Wand              |       |     4 |     2 |     2 |       ||     8
    Use: Scroll            |     6 |     5 |    12 |    11 |     4 ||    38
         Potion            |       |     2 |     6 |     2 |     2 ||    12
   Stab: Invisible         |       |       |     3 |    12 |       ||    15
 Armour: Ring mail         |    52 |    86 |       |       |       ||   138
         Scale mail        |       |     4 |   138 |   331 |   110 ||   583
  Dodge: Dodged            |    66 |    75 |    61 |   209 |    45 ||   456
  Block: Kite shield       |       |    89 |   228 |   868 |   186 ||  1371

Table legend: (Time is in decaauts)
 A = Elapsed time spent in this place.
 B = Non-inter-level travel time spent in this place.
 C = Inter-level travel time spent in this place.
 D = Time resting spent in this place.
 E = Time spent auto-exploring this place.
 F = Levels seen in this place.
 G = Mean time per level.
                   A        B        C        D        E       F      G
               +--------+--------+--------+--------+--------+-----+--------+
         Total |  12583 |  11887 |    696 |    312 |   8399 |  20 |  629.2 |
       Dungeon |   9211 |   8678 |    533 |    224 |   6407 |  12 |  767.6 |
        Temple |     13 |      7 |      6 |      0 |      0 |   1 |   13.0 |
          Lair |   3132 |   2976 |    156 |     88 |   1937 |   5 |  626.4 |
  Orcish Mines |     37 |     37 |      0 |      0 |      0 |   1 |   37.0 |
       Ossuary |    189 |    189 |      0 |      0 |     55 |   1 |  189.0 |
               +--------+--------+--------+--------+--------+-----+--------+

Top non-repeatable levels by time:
     D:4: 1152 daAuts
  Lair:1: 1098 daAuts
     D:5: 981 daAuts
    D:10: 981 daAuts
    D:11: 980 daAuts
     D:7: 931 daAuts
     D:3: 911 daAuts
     D:9: 843 daAuts
  Lair:3: 746 daAuts
  Lair:2: 727 daAuts
     D:6: 620 daAuts
     D:1: 613 daAuts
     D:8: 606 daAuts
     D:2: 588 daAuts
  Lair:4: 527 daAuts
